 Dungeon Crawl Stone Soup version 0.28-a0-667-g162e43154e (webtiles) character file.

Game seed: 10036513745106648072

132479 Johnny the Human Blade (level 17, -5/144 HPs)
             Began as a Human Berserker on Oct 17, 2021.
             Was a High Priest of Trog.
             Killed from afar by a shock serpent (17 damage)
             ... with a bolt of electricity
             ... on level 1 of the Snake Pit.
             The game lasted 00:39:45 (30604 turns).

Johnny the Human Blade (Human Berserker)           Turns: 30604, Time: 00:39:45

Health: -5/144     AC: 17    Str: 31    XL:     17   Next: 69%
Magic:  17/17      EV: 18    Int:  8    God:    Trog [*****.]
Gold:   1961       SH:  0    Dex: 16    Spells: 16/16 levels left

rFire   . . .      SeeInvis +   Q - +5 great sword (venom)
rCold   + . .      Faith    .   (shield currently unavailable)
rNeg    . . .      Spirit   .   K - +3 chain mail {rPois}
rPois   +          Reflect  .   V - -3 helmet of the Bard {rC+ SInv}
rElec   .          Harm     .   w - +0 cloak
rCorr   .          Rampage  .   F - +0 pair of gloves
Will    .....                   U - +0 pair of boots
Stlth   ..........              R - amulet of regeneration
HPRegen 1.34/turn               C - +4 ring of evasion
MPRegen 0.15/turn               D - ring "Serouploruno" {Will- Str+6 Dex+4 Slay+5}

@: weak-willed, on berserk cooldown, slowed, very slow
A: no striking features
a: Renounce Religion, Berserk, Trog's Hand, Brothers in Arms


You were on level 1 of the Snake Pit.
You worshipped Trog.
Trog was extremely pleased with you.
You visited 4 branches of the dungeon, and saw 25 of its levels.
You also visited: Sewer and Volcano.

You collected 3225 gold pieces.
You spent 1264 gold pieces at shops.

Inventory:

Hand Weapons
 B - a +1 demon blade of flaming
 M - a +5 scimitar of protection
 P - a +4 great sword of venom
 Q - a +5 great sword of venom (weapon)
Armour
 w - a +0 cloak (worn)
 y - a +3 chain mail of willpower
 F - a +0 pair of gloves (worn)
 K - a +3 chain mail of poison resistance (worn)
 U - a +0 pair of boots (worn)
 V - the -3 helmet of the Bard (worn) {rC+ SInv}
   (You found it on level 3 of the Lair of Beasts)

   rC:        It protects you from cold.
   SInv:      It lets you see invisible.
Jewellery
 e - a +4 ring of slaying
 C - a +4 ring of evasion (left hand)
 D - the ring "Serouploruno" (right hand) {Will- Str+6 Dex+4 Slay+5}
   (You acquired it on level 2 of the Lair of Beasts)

   [ring of strength]

   Str:       It affects your strength (+6).
   Dex:       It affects your dexterity (+4).
   Slay:      It affects your accuracy & damage with ranged weapons and melee
   (+5).
   Will:      It decreases your willpower.
 N - a ring of protection from cold
 O - a ring of see invisible
 R - an amulet of regeneration (around neck)
 S - a ring of willpower
 Z - a ring of protection from fire
Wands
 n - a wand of iceblast (11)
 E - a wand of mindburst (25)
 H - a wand of digging (1)
 Y - a wand of paralysis (19)
Scrolls
 a - a scroll of torment
 f - 5 scrolls of noise
 l - 4 scrolls of teleportation
 m - 2 scrolls of immolation
 p - 3 scrolls of magic mapping
 A - a scroll of identify
 I - 2 scrolls of fog
 J - a scroll of vulnerability
 W - a scroll of holy word
Potions
 b - 2 potions of magic
 c - 2 potions of heal wounds
 d - 5 potions of degeneration
 g - a potion of cancellation
 h - 4 potions of ambrosia
 i - 3 potions of brilliance
 j - 4 potions of curing
 k - 8 potions of haste
 o - 5 potions of might
 q - 3 potions of lignification
 r - 2 potions of attraction
 s - 3 potions of berserk rage {unknown}
 t - 5 potions of invisibility {unknown}
 v - 3 potions of resistance {unknown}
 x - 4 potions of flight {unknown}
 L - 3 potions of mutation {unknown}
Miscellaneous
 z - a phial of floods
 T - a phantom mirror


   Skills:
 + Level 16.2 Fighting
 * Level 22.0 Long Blades
 + Level 9.9 Armour
 + Level 9.9 Dodging


You had 16 spell levels left.
You didn't know any spells.
Your spell library was empty.

Dungeon Overview and Level Annotations

Branches:
Dungeon (15/15)            Temple (0/1) D:5            Lair (6/6) D:9
  Swamp (0/4) Lair:3        Snake (2/4) Lair:3        Slime (0/5) Lair:5
    Orc (2/2) D:12            Elf (0/3) Orc:2        Vaults (0/5) D:14
 Depths (0/4) D:15          Sewer (visited)         Volcano (visited)

Altars:
Dithmenos
Fedhas
Gozag
Okawaru
Vehumet
The Shining One

Shops:
D:2 *   D:4 *   D:11 [   Orc:2 =*((


Message History

The air sparks with electricity, shocking you!
* * * LOW HITPOINT WARNING * * *
Unknown command.
Things that are here:
a +0 trident; a +0 hand crossbow; 39 gold pieces You feel a strong urge to attack something.
You are no longer berserk.
You are exhausted.
You feel yourself slow down.
Okay, then.
Okay, then.
As you read the scroll of fog, it crumbles to dust.
The scroll dissolves into smoke.
Okay, then.
You feel much better.
The shock serpent shoots out a bolt of lightning at you!
The bolt of electricity misses you.
You feel much better. The shock serpent bites you.
The shock serpent shocks you!
* * * LOW HITPOINT WARNING * * *
Okay, then.
Aiming: Paralyse
Press: ? - help, Shift-Dir - straight line, f - shock serpent
Aim: a shock serpent (grey smoke, chance to affect: 28%)
Okay, then.
Really read the scroll of vulnerability?
As you read the scroll of vulnerability, it crumbles to dust.
Magic quickly surges around you. The shock serpent barely misses you.
The shock serpent bites you but does no damage.
Aiming: Paralyse
Press: ? - help, Shift-Dir - straight line, f - shock serpent
Aim: a shock serpent (grey smoke, weak-willed, chance to affect: 46%)
The shock serpent resists with some effort.
The shock serpent barely misses you.
The shock serpent bites you but does no damage.
The shock serpent shoots out a bolt of lightning at you!
The bolt of electricity hits you!!
* * * LOW HITPOINT WARNING * * *
The bolt of electricity hits you!
You die...

..# #.......# #.#
#.......# #.# ###
#.)..S..###
#.######.###.........##. #
#..........'............ .
...........#....§†.# ##
###....).......§§#.# #.
#..##.))...###S# # #.
#.....)......#@# #.
#.###..÷....##§# #.#
####....##§§
#.#######.#.#########
#...................# #
#.#######........##.# ....
#.)...# #........##.##
..... #####.#
#........##..###......
#)###........###..........


You could see a shock serpent (weak-willed).

Vanquished Creatures
  Saint Roka (Orc:2)
  Jorgrun (Orc:2)
  Agnes (D:14)
  Kirke (Snake:2)
  Donald (Orc:2)
  2 orc warlords (Orc:2)
  A dire elephant (Lair:6)
  A fire dragon (D:15)
  An ice dragon (D:15)
  5 vault guards (D:14)
  2 catoblepae (Lair:6)
  Fannar (D:11)
  Erolcha (D:9)
  13 hydras
  3 centaur warriors
  3 boulder beetles
  2 naga warriors
  An ogre mage (D:15)
  A death knight (D:13)
  4 death yaks
  11 two-headed ogres
  5 anacondas
  2 tengu warriors (D:12)
  A naga sharpshooter (Snake:1)
  2 shock serpents
  4 orc high priests (Orc:2)
  Urug (Orc:1)
  A fire crab (Lair:6)
  4 skeletal warriors (D:15)
  2 wizards
  3 naga ritualists
  A lindwurm (Lair:6)
  Pikel (D:7)
  4 orc knights
  7 orc sorcerers
  5 deep elf pyromancers
  9 mana vipers
  5 cyclopes
  3 manticores
  3 salamanders
  14 ugly things
  Joseph (D:7)
  A smoke demon (Volcano)
  5 elephants
  23 black mambas
  2 torpor snails
  7 naga magi
  14 cane toads
  A gargoyle (D:14)
  4 rime drakes
  3 yaktaurs (D:15)
  3 kobold demonologists
  12 komodo dragons
  3 tengu conjurers
  A red devil (Volcano)
  11 trolls
  A hornet (D:6)
  A polar bear (Lair:6)
  A dream sheep (Lair:5)
  Edmund (D:6)
  14 blink frogs (Lair:3)
  3 meliai (D:13)
  6 slime creatures (D:15)
  Sigmund (D:5)
  A vampire (D:9)
  3 wyverns
  3 wraiths
  40 yaks
  3 hogs (Snake:2)
  A human (D:14)
  8 vampire mosquitoes
  3 basilisks
  A steam dragon (D:10)
  An acid dragon (D:10)
  15 nagas
  2 hell hounds (Volcano)
  4 swamp worms (Lair:3)
  17 water moccasins
  An ice beast (D:5)
  17 orc warriors
  2 sky beasts
  3 necrophages
  7 centaurs
  7 ogres
  21 wolves
  4 lemures (D:7)
  5 kobold brigands
  19 bullfrogs
  2 gnoll sergeants
  3 scorpions
  3 killer bees (D:9)
  A water moccasin skeleton (D:6)
  2 electric eels
  10 howler monkeys
  4 wights (D:10)
  3 vampire bats (Lair:5)
  A bullfrog zombie (D:5)
  5 centaur zombies
  A hound (D:7)
  4 jellies
  A gnoll shaman (D:7)
  36 orc priests
  Terence (D:3)
  Crazy Yiuf (D:5)
  3 iguanas
  2 hell rats (Lair:2)
  22 orc wizards
  A hound skeleton (D:5)
  A howler monkey zombie (D:9)
  Robin (D:3)
  19 gnolls
  12 river rats
  6 adders
  A shadow imp (D:8)
  An ufetubus (D:5)
  A worm (D:3)
  2 dart slugs
  63 orcs
  15 ball pythons
  14 bats
  10 endoplasms
  7 giant cockroaches
  10 goblins
  8 hobgoblins
  4 jackals (D:4)
  18 kobolds
  6 quokkas
  9 frilled lizards
  20 rats
775 creatures vanquished.

Vanquished Creatures (collateral kills)
  A boulder beetle (D:12)
  A hydra (Lair:6)
  A death yak (Lair:4)
  An orc high priest (Orc:2)
  A lindwurm (Lair:6)
  A manticore (Lair:6)
  A black mamba (Lair:6)
  A cane toad (Lair:5)
  A komodo dragon (D:12)
  A troll (Orc:2)
  2 dream sheep (Lair:5)
  A shadow (D:12)
  7 yaks
  5 orc warriors
  An orc priest (Orc:2)
  6 orcs
32 creatures vanquished.

Vanquished Creatures (others)
  A human (Snake:2)
  An orc priest (Orc:2)
  24 fungi
  83 plants
109 creatures vanquished.

Grand Total: 916 creatures vanquished

Notes
Turn   | Place    | Note
-------+----------+-------------------------------------------
     0 | D:1      | Johnny the Human Berserker began the quest for the Orb.
     0 | D:1      | Reached XP level 1. HP: 18/18 MP: 1/1
    82 | D:1      | Reached XP level 2. HP: 17/24 MP: 2/2
   928 | D:1      | Reached XP level 3. HP: 21/29 MP: 3/3
  1585 | D:2      | Found Zeics's General Store.
  1606 | D:2      | Bought a scroll of identify for 26 gold pieces
  1667 | D:2      | Reached skill level 4 in Long Blades
  1720 | D:2      | Found a faded altar of an unknown god.
  1986 | D:2      | Reached ** piety under Trog
  2234 | D:2      | Reached XP level 4. HP: 32/36 MP: 4/4
  2795 | D:3      | Noticed Terence
  2804 | D:3      | Killed Terence
  3011 | D:3      | Reached XP level 5. HP: 39/42 MP: 5/5
  3019 | D:3      | Noticed Robin
  3063 | D:3      | Killed Robin
  3064 | D:3      | Reached skill level 5 in Long Blades
  3596 | D:3      | Noticed a necrophage
  3605 | D:3      | Killed a necrophage
  3606 | D:3      | Reached XP level 6. HP: 49/49 MP: 6/6
  3867 | D:4      | Found Rukhoss's General Store.
  3887 | D:4      | Reached skill level 6 in Long Blades
  3981 | D:4      | Reached XP level 7. HP: 55/55 MP: 7/7
  4264 | D:4      | Bought a scroll of identify for 24 gold pieces
  4392 | D:4      | Reached skill level 5 in Fighting
  4715 | D:5      | Entered Level 5 of the Dungeon
  4759 | D:5      | Reached *** piety under Trog
  4760 | D:5      | Reached skill level 7 in Long Blades
  4876 | D:5      | Reached XP level 8. HP: 54/63 MP: 8/8
  4974 | D:5      | Noticed Sigmund
  5147 | D:5      | Killed Sigmund
  5148 | D:5      | Reached skill level 8 in Long Blades
  5463 | D:5      | Found a runed translucent door.
  5464 | D:5      | Noticed Crazy Yiuf
  5639 | D:5      | Found a staircase to the Ecumenical Temple.
  5973 | D:5      | Killed Crazy Yiuf
  6061 | D:6      | Noticed Maggie
  6065 | D:6      | Noticed Maggie
  6065 | D:6      | Maggie changed into Maggie the hornet
  6079 | D:6      | Killed Maggie the hornet
  6080 | D:6      | Reached skill level 9 in Long Blades
  6281 | D:6      | Reached XP level 9. HP: 55/71 MP: 9/9
  6423 | D:6      | Found a glowing drain.
  6445 | Sewer    | Entered a sewer
  7272 | D:6      | Noticed Edmund
  7306 | D:6      | Reached skill level 10 in Long Blades
  7319 | D:6      | Killed Edmund
  7319 | D:6      | Reached **** piety under Trog
  7572 | D:7      | Noticed Pikel
  7711 | D:7      | Killed Pikel
  7719 | D:7      | Reached skill level 11 in Long Blades
  7719 | D:7      | Reached XP level 10. HP: 55/80 MP: 10/10
  8727 | D:7      | Noticed Joseph
  8745 | D:7      | Killed Joseph
  9419 | D:8      | Reached skill level 12 in Long Blades
  9493 | D:8      | Noticed a kobold demonologist
  9511 | D:8      | Killed a kobold demonologist
 10767 | D:9      | Noticed Erolcha
 10779 | D:9      | Killed Erolcha
 10780 | D:9      | Reached skill level 13 in Long Blades
 10780 | D:9      | Reached XP level 11. HP: 90/90 MP: 11/11
 10808 | D:9      | Found an iron altar of Okawaru.
 10925 | D:9      | Noticed a two-headed ogre
 11007 | D:9      | Found a staircase to the Lair.
 11108 | D:9      | Killed a two-headed ogre
 11109 | D:9      | Reached skill level 10 in Fighting
 11213 | D:10     | Entered Level 10 of the Dungeon
 11215 | D:10     | Noticed Sonja
 11263 | D:10     | Reached skill level 14 in Long Blades
 11351 | D:10     | Noticed Sonja
 11351 | D:10     | Sonja changed into Sonja the water moccasin
 11356 | D:10     | Killed Sonja the water moccasin
 12492 | D:10     | Found an opulent altar of Gozag.
 12495 | D:10     | Found a shadowy altar of Dithmenos.
 12497 | D:10     | Found a glowing golden altar of the Shining One.
 12664 | D:11     | Noticed a two-headed ogre
 12671 | D:11     | Killed a two-headed ogre
 12734 | D:11     | Noticed a boulder beetle
 12745 | D:11     | Killed a boulder beetle
 12757 | D:11     | Noticed Fannar
 12776 | D:11     | Killed Fannar
 12780 | D:11     | Reached skill level 15 in Long Blades
 12780 | D:11     | Reached XP level 12. HP: 100/100 MP: 12/12
 13654 | D:11     | Found Caesiosu's Armour Shoppe.
 13680 | D:11     | Noticed a two-headed ogre
 13687 | D:11     | Killed a two-headed ogre
 14078 | D:12     | Noticed a six-headed hydra
 14091 | D:12     | HP: 4/150 [12-headed hydra (13)]
 14092 | D:12     | Killed a 13-headed hydra
 14806 | D:12     | Found a staircase to the Orcish Mines.
 14988 | D:12     | Noticed a two-headed ogre
 14999 | D:12     | Killed a two-headed ogre
 15000 | D:12     | Reached skill level 16 in Long Blades
 15421 | D:12     | Noticed an eight-headed hydra
 15435 | D:12     | Killed a 12-headed hydra
 15749 | D:12     | Noticed a tengu warrior
 15762 | D:12     | Killed a tengu warrior
 15829 | D:12     | Found a shadowy altar of Dithmenos.
 15930 | D:12     | Noticed a boulder beetle
 15948 | D:12     | Killed a boulder beetle
 16095 | D:12     | Noticed a boulder beetle
 16101 | D:12     | Reached XP level 13. HP: 41/109 MP: 13/13
 16106 | D:12     | Killed a boulder beetle
 16268 | D:12     | Reached skill level 17 in Long Blades
 16276 | D:12     | Noticed a boulder beetle
 16654 | Orc:1    | Entered Level 1 of the Orcish Mines
 16772 | Orc:2    | Entered Level 2 of the Orcish Mines
 16865 | Orc:2    | Found a staircase to the Elven Halls.
 17071 | Orc:2    | Noticed Donald
 17275 | D:4      | Bought 3 scrolls of brand weapon for 720 gold pieces
 17381 | Lair:1   | Entered Level 1 of the Lair of Beasts
 17382 | Lair:1   | Noticed a seven-headed hydra
 17393 | Lair:1   | Killed a 13-headed hydra
 17471 | Lair:1   | Found a dark tunnel.
 17477 | Volcano  | Entered a volcano
 17987 | Lair:1   | Reached skill level 18 in Long Blades
 18803 | Lair:2   | Noticed a four-headed hydra
 18841 | Lair:2   | Killed a seven-headed hydra
 19115 | Lair:2   | Noticed a five-headed hydra
 19154 | Lair:2   | Killed a ten-headed hydra
 19155 | Lair:2   | Reached XP level 14. HP: 118/118 MP: 14/14
 19260 | Lair:2   | Reached ***** piety under Trog
 19799 | Lair:2   | Identified a scroll of acquirement
 19803 | Lair:2   | Acquired the ring "Serouploruno" {Will- Str+6 Dex+4 Slay+5}
 20307 | Lair:3   | Found a staircase to the Snake Pit.
 20442 | Lair:3   | Reached skill level 19 in Long Blades
 20469 | Lair:3   | Found a staircase to the Swamp.
 20541 | Lair:3   | You fall into a shaft and drop 2 floors!
 20597 | Lair:5   | Found a staircase to the Slime Pits.
 20601 | Lair:5   | Received a gift from Trog
 21364 | Lair:4   | Reached skill level 5 in Armour
 21364 | Lair:4   | Reached skill level 5 in Dodging
 21831 | Lair:4   | Reached XP level 15. HP: 127/127 MP: 15/15
 22177 | Snake:1  | Entered Level 1 of the Snake Pit
 22222 | Lair:6   | Entered Level 6 of the Lair of Beasts
 22949 | Lair:6   | Received a gift from Trog
 22967 | Lair:6   | Reached skill level 20 in Long Blades
 23490 | Orc:2    | Killed Donald
 23670 | Orc:2    | Noticed an orc warlord
 23686 | Orc:2    | Killed an orc warlord
 23727 | Orc:2    | Noticed Saint Roka
 23803 | Orc:2    | Killed Saint Roka
 23911 | Orc:2    | Noticed an orc warlord
 23917 | Orc:2    | Killed an orc warlord
 24092 | Orc:2    | Paralysed by an orc sorcerer for 7 turns
 24102 | Orc:2    | Reached skill level 15 in Fighting
 24304 | Orc:2    | Noticed Jorgrun
 24310 | Orc:2    | Found Akuaciwu's Jewellery Boutique.
 24487 | Orc:1    | Reached XP level 16. HP: 134/135 MP: 16/16
 24552 | Orc:1    | Noticed Urug
 24557 | Orc:1    | Killed Urug
 24957 | Orc:2    | Found Cyizil's Antique Weapon Shop.
 24957 | Orc:2    | Found Urrepn's Antique Weapon Shop.
 24958 | Orc:2    | Found Caunk's General Store.
 24967 | Orc:2    | Bought a scroll of enchant weapon for 112 gold pieces
 24967 | Orc:2    | Bought a scroll of immolation for 52 gold pieces
 24967 | Orc:2    | Bought a scroll of enchant armour for 112 gold pieces
 24967 | Orc:2    | Bought a scroll of holy word for 112 gold pieces
 24967 | Orc:2    | Bought a scroll of identify for 30 gold pieces
 25122 | Orc:2    | Killed Jorgrun
 26100 | D:14     | Found a blossoming altar of Fedhas.
 26324 | D:14     | Noticed Agnes
 26338 | D:14     | Killed Agnes
 26344 | D:14     | Reached skill level 21 in Long Blades
 26576 | D:14     | Found a gate to the Vaults.
 26773 | D:11     | Bought a +0 pair of boots for 76 gold pieces
 27017 | Lair:3   | Identified the -3 helmet of the Bard {rC+ SInv}
 27215 | D:15     | Entered Level 15 of the Dungeon
 27215 | D:15     | Found an opulent altar of Gozag.
 27353 | D:15     | Found a staircase to the Depths.
 27767 | D:15     | Received a gift from Trog
 27774 | D:15     | Reached XP level 17. HP: 143/143 MP: 17/17
 28892 | Snake:1  | You fall into a shaft and drop 1 floor!
 29007 | Snake:2  | Noticed Kirke
 29022 | Snake:2  | Killed Kirke
 29152 | Snake:2  | Identified the +6 broad axe "Inozoaqa" {drain, rElec}
 30379 | Snake:1  | Reached skill level 22 in Long Blades
 30462 | Snake:1  | Found a radiant altar of Vehumet.
 30595 | Snake:1  | HP: 8/216 [shock serpent (14)]
 30596 | Snake:1  | HP: 1/216 [something (7)]
 30604 | Snake:1  | Killed from afar by a shock serpent

Illustrated notes

Levels and vault maps discovered:
D:1:      saegor_arrival_miasma, layout_basic
D:2:      layout_loops_ring, shapermc_ecumenical_altar_venn, serial_shops,
          nicolae_shop_statue_plus, grunt_ministairs_10
D:3:      layout_basic, chequers_jeans, grunt_ministairs_9, uniq_robin,
          uniq_terence
D:4:      layout_rooms, serial_shops, shop, serial_bayou_lake_a
D:5:      layout_loops_ring, minmay_temple_entry_hall, uniq_sigmund,
          uniq_crazy_yiuf_cottage
D:6:      layout_rooms, portal_sewer_entry_f, uniq_edmund, uniq_maggie
D:7:      layout_loops_corners, serial_bayou_pond_e, uniq_joseph, uniq_pikel
D:8:      layout_loops_ring
D:9:      layout_rooms, mainiacjoe_overflow_tiny_flanked, david_lair_shrubbed,
          hangedman_decor_push, minmay_quadrilaterals, uniq_erolcha
D:10:     layout_gridville, grunt_temple_overflow_diamond,
          kennysheep_minor_cross, uniq_sonja
D:11:     layout_basic, serial_shops, shop, uniq_fannar
D:12:     minmay_box_of_statues, layout_long_grid, hiddenorc2_lemuel,
          nicolae_dithmenos_through_a_glass_darkly
D:13:     layout_roguey, nrook_campfire
D:14:     layout_roguey, grunt_vaults_entry_fortified,
          chequers_serial_rivers_small_a, fedhas_altar_1, uniq_agnes
D:15:     grunt_enter_depths_hoard, layout_loops_corners, glass_columns_a,
          grunt_gozag_statues
Lair:1:   layout_long_grid, lightli_volcano_entry_magma_tube,
          chequers_serial_rivers_micro_c, grunt_megastairs_5,
          serial_bayou_shore_b
Lair:2:   layout_cave_pods, kennysheep_rathole
Lair:3:   layout_chaotic_city, palyth_hydra_swamp_entry,
          minmay_snake_entry_guardpost_small, minivault_27, st_stairs_10,
          minivault_24, chequers_serial_rivers_micro_d
Lair:4:   layout_misc_corridors
Lair:5:   layout_gridlike, nicolae_slime_entry_slimehenge, roderic_batcave,
          patterned_corridor
Lair:6:   hangedman_lair_in_review, layout_cave_shapes, serial_bayou_shore_a
Snake:1:  layout_basic, basic_altar, grunt_megastairs_4
Snake:2:  layout_concentric_octagons, grunt_megastairs_3, uniq_kirke
Orc:1:    layout_caves, uniq_urug
Orc:2:    st_orc_mages, layout_diamond_mine, hellmonk_guarded_unrand_dark_maul,
          uniq_jorgrun, uniq_donald, uniq_saint_roka

Skill      XL: |  1  2  3  4  5  6  7  8  9 10 11 12 13 14 15 16 17 |
---------------+----------------------------------------------------+-----
Long Blades    | 4 5 6 7 9 11 13 15 16 18 19 20 21 22 | 22.0
Fighting       | 4 5 6 8 9 11 12 13 14 15 16 | 16.2
Dodging        | 5 7 8 9 |  9.9
Armour         | 5 7 8 9 |  9.9

Action                   |  1- 3 |  4- 6 |  7- 9 | 10-12 | 13-15 | 16-18 || total
-------------------------+-------+-------+-------+-------+-------+-------++-------
Melee: Falchion          |   104 |   153 |   367 |   366 |       |       ||   990
       Scimitar          |       |       |       |   254 |   386 |   175 ||   815
       Great sword       |       |       |       |    11 |   532 |   391 ||   934
Invok: Berserk           |     3 |     7 |    10 |    22 |    29 |    15 ||    86
       Trog's Hand       |       |     2 |     3 |    14 |    16 |    10 ||    45
       Brothers in Arms  |       |       |       |     1 |     5 |     2 ||     8
Evoke: Wand              |       |       |     3 |    37 |    15 |     5 ||    60
  Use: Scroll            |       |     2 |     2 |     8 |    32 |    11 ||    55
       Potion            |       |     1 |       |     1 |     5 |     2 ||     9
 Stab: Sleeping          |     1 |     1 |     1 |       |     1 |       ||     4
       Paralysed         |       |       |       |    15 |       |       ||    15
       Distracted        |       |       |       |       |     2 |       ||     2
       Petrifying        |       |       |       |       |     1 |       ||     1
Armor: Animal skin       |    18 |     1 |       |       |       |       ||    19
       Ring mail         |       |    50 |    43 |       |       |       ||    93
       Skin              |       |    39 |       |       |       |       ||    39
       Steam dragon scal |       |       |    62 |   150 |       |       ||   212
       Chain mail        |       |       |       |    89 |    11 |   124 ||   224
       Troll leather arm |       |       |       |       |   303 |    34 ||   337
Dodge: Dodged            |    62 |    91 |   184 |   371 |   730 |   342 ||  1780

Table legend: (Time is in decaauts)
 A = Elapsed time spent in this place.
 B = Non-inter-level travel time spent in this place.
 C = Inter-level travel time spent in this place.
 D = Time resting spent in this place.
 E = Time spent auto-exploring this place.
 F = Levels seen in this place.
 G = Mean time per level.
                   A        B        C        D        E       F      G
               +--------+--------+--------+--------+--------+-----+--------+
         Total |  30904 |  28727 |   2177 |   4128 |  18930 |  27 | 1144.6 |
       Dungeon |  19948 |  18409 |   1539 |   2643 |  12788 |  15 | 1329.9 |
          Lair |   5767 |   5316 |    451 |    632 |   3406 |   6 |  961.2 |
     Snake Pit |   1901 |   1872 |     29 |    142 |   1348 |   2 |  950.5 |
  Orcish Mines |   2382 |   2225 |    157 |    523 |    892 |   2 | 1191.0 |
         Sewer |    485 |    485 |      0 |      0 |    354 |   1 |  485.0 |
       Volcano |    418 |    418 |      0 |    187 |    141 |   1 |  418.0 |
               +--------+--------+--------+--------+--------+-----+--------+

Top non-repeatable levels by time:
    D:12: 2553 daAuts
   Orc:2: 1812 daAuts
    D:11: 1741 daAuts
     D:7: 1608 daAuts
     D:2: 1425 daAuts
     D:1: 1408 daAuts
    D:10: 1400 daAuts
     D:5: 1396 daAuts
     D:9: 1388 daAuts
 Snake:2: 1349 daAuts
     D:6: 1170 daAuts
    D:15: 1159 daAuts
  Lair:3: 1146 daAuts
     D:8: 1092 daAuts
  Lair:2: 1089 daAuts
